 Dungeon Crawl Stone Soup version 0.30.1-9-gdf580d7c3d (webtiles) character file.

Game seed: 7268172669504262078

82 lonewolfV2 the Shield-Bearer (level 4, -2/37 HPs)
             Began as a Formicid Fighter on Oct 21, 2023.
             Killed by nerve-wracking pain
             ... invoked by an orc priest
              (14 damage)
             ... on level 3 of the Dungeon.
             The game lasted 00:02:01 (1404 turns).

lonewolfV2 the Shield-Bearer (Formicid Fighter)     Turns: 1404, Time: 00:02:02

Health: -2/37      AC:  7    Str: 22    XL:     4   Next: 70%
Magic:  4/4        EV:  9    Int:  8    God:
Gold:   117        SH:  5    Dex: 13    Spells: 3/3 levels left

rFire   . . .        a - +1 war axe
rCold   . . .        c - +0 buckler
rNeg    . . .        b - +0 scale mail
rPois   .            (helmet unavailable)
rElec   .            (no cloak)
rCorr   .            (no gloves)
SInv    +            (no boots)
Will    .....        (no amulet) Stlth
                     (no ring)
HPRegen 0.26/turn    (no ring)
MPRegen 0.09/turn

%: no passive effects
@: no status effects
A: permanent stasis, dig shafts and tunnels, antennae 3, four strong arms
a: Dig, Shaft Self


You were on level 3 of the Dungeon.
You visited 1 branch of the dungeon, and saw 3 of its levels.

You collected 117 gold pieces.

Inventory:

Hand Weapons
 a - a +1 war axe (weapon)
Armour
 b - a +0 scale mail (worn)
 c - a +0 buckler (worn)
Jewellery
 h - a ring of ice
Scrolls
 e - a scroll of poison {unknown}
 g - a scroll of teleportation
Potions
 d - a potion of might


   Skills:
 + Level 4.2 Fighting
 - Level 2.0 Axes
 + Level 4.2 Armour
 + Level 5.0 Shields


You had 3 spell levels left.
You didn't know any spells.
Your spell library contained the following spells:

 Spells                   Type           Power      Damage    Failure   Level
 Sandblast                Erth           0%         2d4       80%         1
 Passwall                 Tmut/Erth      0%         N/A       90%         2
 Stone Arrow              Conj/Erth      0%         3d7       99%         3


Dungeon Overview and Level Annotations

Branches:
Dungeon (3/15)

Altars:

Shops:
D:2 =


Innate Abilities, Weirdness & Mutations

You cannot be hasted, slowed, berserked, paralysed or teleported.
You can dig through walls and to a lower floor.
You have a pair of large antennae on your head. (SInv)
Your four strong arms can wield two-handed weapons with a shield.


Message History

The orc wizard casts a spell at you.
You are more confused.
You closely miss the orc wizard. The orc wizard barely misses you.
Unknown command.
You bump into the rock wall.
The orc wizard hits you with a +0 dagger.
You bump into the rock wall.
The orc priest looks satisfied for a moment.
The orc wizard hits you but does no damage.
You slash the orc wizard!
The orc wizard is heavily wounded.
The orc priest begins to cast a cantrip, but forgets the words!
The orc wizard hits you with a +0 dagger.
The orc wizard gestures at you while chanting.
The magic dart hits you!
* * * LOW HITPOINT WARNING * * *
You bump into the rock wall.
The orc wizard barely misses you.
Unknown command.
It was a potion of curing.
You feel better.
The orc priest miscasts a cantrip.
The orc wizard hits you with a +0 dagger.
You slash the orc wizard!
You kill the orc wizard!
Your Shields skill increases to level 5!
You closely miss the orc. The orc hits you but does no damage. x2
The orc priest looks encouraged for a moment.
You barely miss the orc.
The orc priest hits you from afar with a +0 trident.
You block the orc's attack.
You barely miss the orc.
The orc priest looks encouraged for a moment.
You block the orc's attack.
Unknown command.
You slash the orc!
You kill the orc!
The orc priest hits you from afar with a +0 trident.
The orc priest hits you but does no damage.
The orc priest calls down the wrath of Beogh upon you.
Pain shoots through your body!
You die...

###.#.# #.# #.#.#.#
#.....#####.####.#.#.##
#.....'.......##<.....#
#.....#####.####.###.##
{ #.....# #.# #.. ...#
#.....#################
###..............#
...################.#
.........o@.........#
.......##############
....... ..o..#. .....#.
.... #. ... #. ... #.


You could see an orc priest.

Vanquished Creatures
  An orc wizard (D:3)
  An adder (D:2)
  A worm (D:2)
  A dart slug (D:2)
  3 orcs (D:3)
  6 ball pythons
  4 endoplasms
  2 giant cockroaches (D:1)
  6 hobgoblins
  2 jackals (D:1)
  A quokka (D:1)
  A bat (D:1)
  A frilled lizard (D:1)
  4 kobolds
  4 rats
38 creatures vanquished.

Notes
Turn   | Place    | Note
-------+----------+-------------------------------------------
     0 | D:1      | lonewolfV2 the Formicid Fighter began the quest for the
                  | Orb.
     0 | D:1      | Reached XP level 1. HP: 18/18 MP: 1/1
     2 | D:1      | Noticed a merfolk
     2 | D:1      | Noticed a meteoran
     4 | D:1      | Noticed an octopode
     4 | D:1      | Noticed a minotaur
     8 | D:1      | Noticed a draconian
     8 | D:1      | Noticed a felid
    10 | D:1      | Noticed a human
    10 | D:1      | Noticed a naga
    12 | D:1      | Noticed a tengu
    12 | D:1      | Noticed an ogre
    14 | D:1      | Noticed a spriggan
    14 | D:1      | Noticed a vine stalker
    16 | D:1      | Noticed a formicid
    16 | D:1      | Noticed a ghoul
    18 | D:1      | Noticed a demigod
    18 | D:1      | Noticed a troll
    20 | D:1      | Noticed a demonspawn
    20 | D:1      | Noticed a vampire
    22 | D:1      | Noticed a gargoyle
    22 | D:1      | Noticed an armataur
    24 | D:1      | Noticed an elf
    24 | D:1      | Noticed a demigod
    26 | D:1      | Noticed an octopode
    26 | D:1      | Noticed an octopode
    83 | D:1      | Reached XP level 2. HP: 21/24 MP: 2/2
   314 | D:1      | Reached XP level 3. HP: 28/30 MP: 3/3
   948 | D:2      | Reached XP level 4. HP: 20/37 MP: 4/4
  1039 | D:2      | Found Leenwum's Jewellery Boutique.
  1400 | D:3      | Reached skill level 5 in Shields
  1404 | D:3      | Killed from afar by an orc priest

Illustrated notes

Levels and vault maps discovered:
D:1:      kb_arrival_jail, layout_loops_ring
D:2:      layout_rooms, serial_shops, shop, nicolae_figureground_pulse
D:3:      layout_basic, pf_just_have_faith

Skill      XL: |  1  2  3  4 |
---------------+-------------+-----
Armour         | 4 |  4.2
Fighting       | 4 |  4.2
Shields        | 5 |  5.0
Axes           | |  2.0

Action                     |  1- 3 |  4- 6 || total
---------------------------+-------+-------++-------
  Melee: War axe           |    84 |    20 ||   104
    Use: Scroll            |       |     3 ||     3
         Potion            |       |     1 ||     1
 Armour: Scale mail        |    37 |     9 ||    46
  Dodge: Dodged            |    41 |     6 ||    47
  Block: Buckler           |    22 |     2 ||    24
